 Dungeon Crawl Stone Soup version 0.32-a0-814-g0968bab981 (webtiles) character file.

Game seed: 1415624173273199536

1900 Dittersdorf the Trooper (level 9, -3/57 HPs)
             Began as a Gargoyle Fighter on Mar 22, 2024.
             Was an Initiate of Gozag.
             Killed by divine providence
             ... invoked by an orc priest
              (12 damage)
             ... on level 7 of the Dungeon.
             The game lasted 00:06:19 (5168 turns).

Dittersdorf the Trooper (Gargoyle Fighter)          Turns: 5168, Time: 00:06:20

Health: -3/57      AC: 22    Str: 24    XL:     9   Next: 15%
Magic:  9/9        EV:  7    Int:  9    God:    Gozag
Gold:   317        SH:  7    Dex:  9    Spells: 8/8 levels left

rFire   . . .        a - +0 flail (spect)
rCold   + . .        e - +2 buckler
rNeg    + . .        i - +0 chain mail
rPois   ∞            g - +0 helmet
rElec   +            m - +1 cloak
rCorr   .            q - +1 pair of gloves
SInv    .            (no boots)
Will    .....        (no amulet) Stlth
                     o - ring of protection from cold
HPRegen 0.29/turn    u - ring of wizardry
MPRegen 0.11/turn

%: wizardry (x1)
@: no status effects
A: sickness immunity, AC +6, negative energy resistance 1, electricity
resistance, torment resistance 1, petrification resistance
a: Renounce Religion, Potion Petition, Call Merchant, Bribe Branch


You were on level 7 of the Dungeon.
You worshipped Gozag.
Gozag was aware of your devotion.
You visited 2 branches of the dungeon, and saw 8 of its levels.
You also visited: Sewer.

You collected 451 gold pieces.
You paid 134 gold pieces to Gozag.

Inventory:

Hand Weapons
 a - a +0 spectral flail (weapon)
Missiles
 v - 3 curare-tipped darts (quivered)
Armour
 e - a +2 buckler (worn)
 g - a +0 helmet (worn)
 i - a +0 chain mail (worn)
 m - a +1 cloak (worn)
 q - a +1 pair of gloves (worn)
Jewellery
 o - a ring of protection from cold (left hand)
 u - a ring of wizardry (right hand)
 w - a ring of fire
Scrolls
 c - a scroll of immolation
 k - 2 scrolls of teleportation
 n - a scroll of blinking
 s - a scroll of identify
 t - a scroll of poison
Potions
 b - a potion of haste
 d - 4 potions of might
 f - 2 potions of berserk rage
 h - 4 potions of enlightenment
 j - a potion of ambrosia
 l - 2 potions of brilliance
 p - 2 potions of heal wounds
 r - a potion of curing


   Skills:
 + Level 7.1 Fighting
 + Level 6.1 Maces & Flails
 + Level 7.1 Armour
 + Level 7.1 Shields


You had 8 spell levels left.
You didn't know any spells.
Your spell library contained the following spells:

 Spells                   Type           Power      Damage    Failure   Level
 Static Discharge         Conj/Air       0%         3-3/arc   77%         2
 Airstrike                Air            0%         2d(0-16)  100%        4
 Summon Lightning Spire   Summ/Air       0%         N/A       100%        4


Dungeon Overview and Level Annotations

Branches:
Dungeon (7/15)             Temple (1/1) D:7           Sewer (visited)

Altars:
Ashenzari
Cheibriados
Dithmenos
Fedhas
Gozag
Hepliaklqana
Kikubaaqudgha
Makhleb
Nemelex Xobeh
Ru
Trog
Uskayaw
Vehumet
Wu Jian
Xom
Yredelemnul
Zin
The Shining One

Shops:
D:4 ?

Portals:
Bailey: D:7

Annotations:
D:7 2 transporters


Innate Abilities, Weirdness & Mutations

You are immune to sickness and miasma.
Your stone body is resilient. (AC +6)
You are immune to poison.
You resist negative energy. (rN+)
You are resistant to electric shocks. (rElec)
You are resistant to unholy torment.
You are immune to petrification.


Message History

The orc warrior is no longer distracted by gold.
The goblin hits you but does no damage.
You sock the goblin!
You kill the goblin!
The goblin is no longer distracted by gold.
You closely miss the orc warrior.
The orc warrior hits you but does no damage.
The orc loudly shouts encouragement to no one in particular.
You closely miss the orc warrior.
The goblin is no longer distracted by gold.
The orc warrior is distracted by your dazzling golden aura.
The goblin is distracted by your dazzling golden aura.
You closely miss the orc warrior.
The orc warrior is no longer distracted by gold.
The orc warrior shouts!
The goblin shouts!
The goblin is no longer distracted by gold.
The orc warrior hits you with a +0 scimitar.
The orc wizard casts a spell.
The orc wizard flickers and vanishes!
Deactivating autopickup; reactivate with Ctrl-A.
You barely miss the orc warrior.
The orc warrior hits you with a +0 scimitar!
* * * LOW HITPOINT WARNING * * *
You closely miss the orc warrior.
The orc warrior hits you with a +0 scimitar.
* * * LOW HITPOINT WARNING * * *
The orc warrior hits you with a +0 scimitar.
* * * LOW HITPOINT WARNING * * *
You sock the orc warrior!
The orc warrior is heavily wounded.
The orc warrior completely misses you.
You hit the orc warrior.
The orc warrior is severely wounded.
You block the orc warrior's attack.
You hit the orc warrior but do no damage.
The orc warrior is severely wounded.
The orc priest invokes the aid of Beogh against you.
Beogh smites you!
You die...
Your body crumbles into a pile of gold.

#....©....#*,,,,,,,,,*,,
####...####*,,,,,,,,,*,,
##.## *,,,,,,,,,,,,
#.#########+#,,,,*,,
#...........#,,,,*,,
#######.#####,,,,*** #.#
*,,,,,,, ##############.#
*,,,,,,, **#....ggo{o@....#
*****+*+ *,..###og#########
*,*, *,,,o....* *,**
*,o≈≈~≈≈.* *,*
*,.≈.oo≈g*****************,*
*,.o.g>~.,,,,,,,,,,,,,,,,*,*
**,.≈...≈.***************,*,*
*,,.≈≈~≈≈.* *,,,* *,*,,,,,,,*
*****


You could see an orc warrior, an orc priest, an orc and 3 goblins.

Vanquished Creatures
  Pargi (Sewer)
  4 ogres
  2 centaurs
  Blork the orc (D:6)
  2 bullfrogs (D:7)
  A brain worm (Sewer)
  A scorpion (D:5)
  A howler monkey (D:5)
  A crimson imp (D:6)
  2 bombardier beetles
  3 hounds
  A gnoll bouda (D:5)
  A sleepcap (D:5)
  Crazy Yiuf (D:3)
  3 orc priests
  3 iguanas
  6 orc wizards
  Natasha (thrice) (D:3)
  Terence (D:3)
  8 gnolls
  8 adders
  2 river rats (D:3)
  4 dart slugs
  A ribbon worm (D:5)
  15 orcs
  6 ball pythons
  7 bats
  7 endoplasms
  3 giant cockroaches
  3 goblins
  7 hobgoblins
  2 jackals (D:1)
  6 quokkas
  8 frilled lizards
  8 kobolds
  5 rats
138 creatures vanquished.

Notes
Turn   | Place    | Note
-------+----------+-------------------------------------------
     0 | D:1      | Dittersdorf the Gargoyle Fighter began the quest for the
                  | Orb.
     0 | D:1      | Reached XP level 1. HP: 14/14 MP: 1/1
    19 | D:1      | Found a faded altar of an unknown god.
   123 | D:1      | Reached XP level 2. HP: 19/19 MP: 2/2
   357 | D:1      | Reached XP level 3. HP: 21/24 MP: 3/3
   928 | D:2      | Reached XP level 4. HP: 25/29 MP: 4/4
  1577 | D:3      | Found a basalt altar of Yredelemnul.
  1590 | D:3      | Noticed Terence
  1597 | D:3      | Killed Terence
  1652 | D:3      | Noticed Natasha
  1655 | D:3      | Killed Natasha
  1661 | D:3      | Reached XP level 5. HP: 33/33 MP: 5/5
  1692 | D:3      | Found a glowing drain.
  1704 | Sewer    | Entered a sewer
  1752 | Sewer    | Noticed Pargi
  1771 | Sewer    | Killed Pargi
  1772 | Sewer    | Reached XP level 6. HP: 16/40 MP: 6/6
  2047 | D:3      | Found a broken altar of Ashenzari.
  2075 | D:3      | Noticed Natasha
  2079 | D:3      | Killed Natasha
  2290 | D:3      | Noticed Natasha
  2296 | D:3      | Killed Natasha
  2495 | D:3      | Found a runed translucent door.
  2496 | D:3      | Noticed Crazy Yiuf
  2504 | D:3      | Killed Crazy Yiuf
  2505 | D:3      | Reached skill level 5 in Fighting
  2638 | D:4      | Reached skill level 5 in Armour
  2638 | D:4      | Reached skill level 5 in Shields
  2638 | D:4      | Reached XP level 7. HP: 41/44 MP: 7/7
  2914 | D:4      | Found Xesobuxzeo's Magic Scroll Boutique.
  3056 | D:5      | Entered Level 5 of the Dungeon
  3369 | D:5      | Reached XP level 8. HP: 48/51 MP: 8/8
  3793 | D:6      | Reached skill level 5 in Maces & Flails
  4197 | D:6      | Found a burning altar of Makhleb.
  4198 | D:6      | Found a shimmering altar of Xom.
  4576 | D:6      | Noticed Blork the orc
  4584 | D:6      | Killed Blork the orc
  4924 | D:7      | Found a transporter.
  4945 | D:7      | Found a staircase to the Ecumenical Temple.
  4954 | Temple   | Entered the Ecumenical Temple
  4967 | Temple   | Became a worshipper of Gozag Ym Sagoz the Greedy
  5025 | D:7      | Reached XP level 9. HP: 35/56 MP: 9/9
  5111 | D:7      | Found a transporter.
  5137 | D:7      | Found a flagged portal.
  5168 | D:7      | Killed from afar by an orc priest

Illustrated notes

Levels and vault maps discovered:
D:1:      dpeg_arrival_pond, layout_basic,
          shapermc_ecumenical_altar_mp_ritualfount, minivault_14,
          dreamdust_wishing_well
D:2:      layout_basic
D:3:      minmay_skewed_foursquare, layout_basic, nicolae_ashenzari_panopticon,
          amcnicky_altar_gilded, mainiacjoe_sewer_entry_somewhere_in_here_2,
          minmay_misc_feat_square, minmay_hedge_maze,
          dreamdust_mushroom_princess, uniq_crazy_yiuf_cottage, uniq_natasha,
          uniq_terence
D:4:      layout_rooms, serial_corexii_hall, corexii_hall_statues_l,
          corexii_hall_statues_s, serial_shops, shop, minmay_door_square
D:5:      layout_basic
D:6:      layout_loops_corners, grunt_temple_overflow_champion_of_chaos,
          uniq_blork_the_orc
D:7:      gammafunk_steamed_eel, layout_basic, okawaru_altar_gauntlet_db,
          grunt_qazlal_clouds, minmay_temple_entry_mist, enter_bailey_5
Temple:   nicolae_temple_superstar

Skill      XL: |  1  2  3  4  5  6  7  8  9 |
---------------+----------------------------+-----
Fighting       | 4 5 6 7 |  7.1
Armour         | 4 5 6 7 |  7.1
Shields        | 4 5 6 7 |  7.1
Maces & Flails | 3 4 5 6 |  6.1

Action                     |  1- 3 |  4- 6 |  7- 9 || total
---------------------------+-------+-------+-------++-------
  Melee: Flail             |   161 |   111 |   334 ||   606
    Use: Scroll            |       |    11 |     6 ||    17
   Stab: Distracted        |       |     2 |     1 ||     3
 Armour: Scale mail        |   160 |     7 |       ||   167
         Chain mail        |       |    84 |   290 ||   374
  Dodge: Dodged            |    83 |    45 |    90 ||   218
  Block: Buckler           |    48 |    31 |   100 ||   179

Table legend: (Time is in decaauts)
 A = Elapsed time spent in this place.
 B = Non-inter-level travel time spent in this place.
 C = Inter-level travel time spent in this place.
 D = Time resting spent in this place.
 E = Time spent auto-exploring this place.
 F = Levels seen in this place.
 G = Mean time per level.
                   A        B        C        D        E       F      G
               +--------+--------+--------+--------+--------+-----+--------+
         Total |   5339 |   5018 |    321 |    401 |   3139 |   9 |  593.2 |
       Dungeon |   5112 |   4803 |    309 |    314 |   3111 |   7 |  730.3 |
        Temple |     26 |     14 |     12 |      0 |      0 |   1 |   26.0 |
         Sewer |    200 |    200 |      0 |     87 |     28 |   1 |  200.0 |
               +--------+--------+--------+--------+--------+-----+--------+

Top non-repeatable levels by time:
     D:6: 1187 daAuts
     D:1: 903 daAuts
     D:3: 825 daAuts
     D:2: 729 daAuts
     D:4: 622 daAuts
     D:5: 611 daAuts
     D:7: 232 daAuts
   Sewer: 200 daAuts
  Temple: 26 daAuts
